[Event "NY Presidents Day GM-A 2024"]
[Site "New York"]
[Date "2024.02.16"]
[Round "1.1"]
[White "Eidelman, Gabriel"]
[Black "Lu, Maximillian"]
[Result "1-0"]
[ECO "E13"]
[WhiteElo "2343"]
[BlackElo "2371"]
[Annotator "TA"]
[PlyCount "47"]
[EventDate "2024.02.14"]
[EventType "tourn"]
[EventCountry "USA"]
[SourceTitle "playchess.com"]
[Source "ChessBase"]
[SourceQuality "1"]
[TimeControl "5400+30"]

1. d4 Nf6 2. Nf3 e6 3. c4 b6 4. Nc3 Bb4 5. Bg5 Bb7 6. e3 h6 7. Bh4 g5 8. Bg3 Ne4 9. Nd2 Nxc3 10. bxc3 Bxc3 11. Rc1 Bxd2+ {[%emt 0:01:34] The position is equal.} 12. Qxd2 d6 (12... h5 $11 13. h4 g4) 13. Qb2 f5 14. h4 (14. c5 $14) 14... O-O $2 {[%emt 0:08:36][%mdl 8192] A mistake that costs the game.} (14... f4 $1 $11 {and Black has nothing to worry.} 15. exf4 gxf4 16. Bxf4 Qf6) 15. hxg5 $18 hxg5 {[%emt 0:00:01] [#]} 16. c5 $1 Qe7 $2 (16... Rf7 17. cxd6 cxd6) 17. cxd6 cxd6 {[%emt 0:02:24] White is clearly winning.} 18. Qa3 Rd8 (18... f4 $142) 19. Be5 {[%emt 0:01:22] And now Rh8+ would win.} Nc6 20. Rh8+ Kf7 21. Rh7+ Kf8 22. Rxe7 Kxe7 23. Ba6 Bxa6 24. Rxc6 {[%emt 0:00:21] Weighted Error Value: White=0.10 (very precise) /Black=0.87.  Loses game:     	---       	Black=1      Mistake:       	White=1     	Black=3      Inaccurate:     	White=1     	---        OK:         	White=2     	---        Best:        	White=3     	---        Strong:       	White=1     	---} 1-0

[Event "NY Presidents Day GM-A 2024"]
[Site "New York"]
[Date "2024.02.16"]
[Round "1.2"]
[White "Paragua, Mark"]
[Black "Lenderman, Aleksandr"]
[Result "1/2-1/2"]
[ECO "A30"]
[WhiteElo "2448"]
[BlackElo "2521"]
[Annotator "TA"]
[PlyCount "31"]
[EventDate "2024.02.14"]
[EventType "tourn"]
[EventCountry "USA"]
[SourceTitle "playchess.com"]
[Source "ChessBase"]
[SourceQuality "1"]
[TimeControl "5400+30"]

1. Nf3 Nf6 2. g3 g6 3. b3 Bg7 4. Bb2 b6 5. Bg2 Bb7 6. c4 c5 7. O-O O-O 8. d4 cxd4 9. Qxd4 d6 10. Nc3 Ne4 11. Qe3 Nxc3 12. Bxc3 Bxc3 13. Qxc3 Nd7 14. Rad1 Qc7 15. Nd4 Bxg2 16. Kxg2 {[%emt 0:08:00] Weighted Error Value: White=0.10 (very precise) /Black=0.08 (flawless) .  Inaccurate:     	White=1     	---        OK:         	White=1     	Black=1} 1/2-1/2

[Event "NY Presidents Day GM-A 2024"]
[Site "New York"]
[Date "2024.02.16"]
[Round "1.3"]
[White "Griffith, Kyron"]
[Black "Mandizha, Farai"]
[Result "0-1"]
[ECO "B90"]
[WhiteElo "2367"]
[BlackElo "2367"]
[Annotator "TA"]
[PlyCount "64"]
[EventDate "2024.02.14"]
[EventType "tourn"]
[EventCountry "USA"]
[SourceTitle "playchess.com"]
[Source "ChessBase"]
[SourceQuality "1"]
[TimeControl "5400+30"]

1. e4 c5 2. Nf3 d6 3. d4 cxd4 4. Nxd4 Nf6 5. Nc3 a6 6. Rg1 e5 7. Nb3 Be6 8. g4 h6 9. Be3 Nbd7 10. Qf3 {[%emt 0:03:11] White is slightly better.} Rc8 11. O-O-O {[%emt 0:01:12] [#]} (11. h4 {deserves consideration.}) 11... Rxc3 $1 $11 12. bxc3 Qc7 13. Kb2 Nb6 14. Bxb6 Qxb6 15. Bd3 (15. h4 $11 {keeps the balance.}) 15... Be7 {[%emt 0:01:29][%mdl 1024] Black has strong compensation.} 16. Qe2 (16. h4 $15) 16... Qc7 $17 {[%emt 0:01:26] Black has more active pieces.} 17. c4 Nd7 18. Ka1 Nb6 19. Qd2 Nxc4 (19... Bxc4 $6 20. Qc3 O-O 21. Nd2 $11) 20. Bxc4 Qxc4 (20... Bxc4 21. Qc3 $15) 21. Qd3 Qa4 22. f3 {[%emt 0:04:57] [#]} (22. h4 $142) 22... O-O $1 23. Rb1 Bc4 24. Qe3 d5 25. exd5 Bxd5 {[%emt 0:00:48] This pair of bishops is nice.} 26. c3 Rc8 {[%emt 0:05:24][%cal Oe7c5] Strongly threatening ...Bc5!} 27. Qxe5 (27. Rgd1 $142 Bg5 28. Qd3) 27... Be6 $40 {[%emt 0:00:15][%mdl 128] White must now prevent ...Bf6. Black wants a kill.} 28. Rgc1 (28. g5 $142 hxg5 (28... Bxg5 $2 29. Rb2 $19) 29. Rxg5 Bxg5 30. Qxg5) 28... Bf6 29. Qe1 b5 {[%emt 0:00:19] aiming for ...b4.} 30. Rb2 b4 31. cxb4 Rxc1+ (31... Bxb2+ 32. Kxb2 Rb8 33. Qd2 $17) (31... Re8 $19 {and Black stays clearly on top.} 32. Qd1 Qxb4 (32... Bxb2+ $2 33. Kxb2 Qxb4 34. Qd2 $19)) 32. Nxc1 (32. Qxc1 $17 Qxb4 (32... Bxb3 33. Qc8+ Kh7 34. Qf5+ Kh8 35. Qc8+ Kh7 36. Qf5+ Kh8 37. Qc8+ Kh7 $11) (32... Bxb2+ 33. Kxb2 Qxb4 34. h4 $17) 33. Kb1) 32... Qc2 {[%emt 0:19:56] Weighted Error Value: White=0.40/Black=0.24 (precise) .  Loses game:     	White=1     	---        Missed win:     	---       	Black=1      Mistake:       	White=6     	---        Inaccurate:     	White=1     	Black=2      OK:         	White=7     	Black=5      Best:        	White=2     	Black=4      Strong:       	---       	Black=1      Brilliant:      	---       	Black=1} (32... Bxb2+ 33. Kxb2 Qc6 34. Qc3 $15) 0-1

[Event "NY Presidents Day GM-A 2024"]
[Site "New York"]
[Date "2024.02.16"]
[Round "1.4"]
[White "Novik, Maxim"]
[Black "Kaliksteyn, Alexander"]
[Result "1-0"]
[ECO "D02"]
[WhiteElo "2399"]
[BlackElo "2363"]
[Annotator "TA"]
[PlyCount "39"]
[EventDate "2024.02.14"]
[EventType "tourn"]
[EventCountry "USA"]
[SourceTitle "playchess.com"]
[Source "ChessBase"]
[SourceQuality "1"]
[TimeControl "5400+30"]

1. d4 d5 2. Bf4 Nf6 3. e3 e6 4. Nf3 Bd6 5. Bg3 O-O 6. Nbd2 c5 7. c3 Qc7 8. dxc5 Qxc5 {[%emt 0:00:40] The position is equal.} 9. Bd3 Nbd7 10. O-O Bxg3 11. hxg3 e5 {[%emt 0:05:56] [#] And now ...e4 would win.} 12. e4 dxe4 13. Bxe4 a5 14. Re1 Ra6 15. Bf5 Re8 16. Qe2 g6 17. Bxd7 Nxd7 18. Rad1 h6 (18... Qc7 $11 {keeps the balance.}) 19. Ne4 $16 Qe7 (19... Qc7 $16) 20. Qd2 {[%emt 0:02:22] Weighted Error Value: White=0.05 (flawless) /Black=0.23 (precise) .  Mistake:       	---       	Black=2      Inaccurate:     	---       	Black=1      OK:         	White=4     	Black=3      Best:        	White=2     	---} 1-0

[Event "NY Presidents Day GM-A 2024"]
[Site "New York"]
[Date "2024.02.16"]
[Round "1.5"]
[White "Yu, Jiangwei"]
[Black "Rorrer, Grayson"]
[Result "0-1"]
[ECO "E53"]
[WhiteElo "2357"]
[BlackElo "2396"]
[Annotator "TA"]
[PlyCount "56"]
[EventDate "2024.02.14"]
[EventType "tourn"]
[EventCountry "USA"]
[SourceTitle "playchess.com"]
[Source "ChessBase"]
[SourceQuality "1"]
[TimeControl "5400+30"]

1. d4 Nf6 2. c4 e6 3. Nc3 Bb4 4. e3 O-O 5. Bd3 d5 6. a3 Bxc3+ 7. bxc3 dxc4 8. Bxc4 c5 9. Nf3 Qc7 10. Be2 b6 11. Bb2 Rd8 12. O-O Nc6 {[%emt 0:01:35] The position is equal.} 13. c4 cxd4 14. exd4 Bb7 15. Re1 Rac8 (15... Na5 {keeps more tension.} 16. Rc1 Qf4 17. Ne5 Rac8) 16. Bd3 Ne7 {[%emt 0:12:54] [#]} 17. d5 exd5 18. Be5 {[%emt 0:00:23] This pair of bishops is nice.} Qd7 19. Nd4 $2 (19. Bxf6 $11 gxf6 20. cxd5 Bxd5 21. Bf1) 19... dxc4 $19 20. Bxf6 gxf6 21. Rxe7 {[%emt 0:18:11][%cal Od1h5] [#] White wants to mate with Qh5!} Qxe7 $2 $40 {[%emt 0:00:32][%mdl 128] Black is up to no good.} (21... Qxd4 $19 22. Bxh7+ Kg7 23. Qxd4 Rxd4) 22. Nf5 $1 $11 Qe6 23. Qg4+ Kf8 24. Qg7+ $2 (24. Qh4 $11 {and White is okay.} Qd5 (24... Rxd3 $2 {too greedy.} 25. Qh6+ Ke8 26. Ng7+ Kd8 27. Nxe6+ fxe6 28. Qxf6+ Kc7 29. Qf4+ Kd7 30. Qf7+ Kc6 31. Qxh7 $18) 25. Qh6+ Ke8 26. Re1+ Kd7 27. Re7+ Kc6 28. Qxf6+ (28. Be4 $2 Qxe4 29. Qc1 Qxf5 $19) 28... Kb5 29. Bf1 (29. Re5 cxd3 30. h3 Rc1+ 31. Kh2 Ka6 $19)) 24... Ke8 $19 25. Bc2 {[%emt 0:04:32] Threatens to win with Ba4+. Black is winning.} Rc5 26. Qxh7 Kd7 27. Ne3 Kc7 {[%emt 0:00:48][%cal Of6f5] ...f5! is the strong threat.} 28. Qh4 Kb8 {[%emt 0:01:22] Weighted Error Value: White=0.42/Black=0.16 (very precise) .  Loses game:     	White=2     	---        Missed win:     	---       	Black=1      Mistake:       	White=1     	---        Inaccurate:     	---       	Black=1      OK:         	White=7     	Black=3      Best:        	White=2     	Black=2      Strong:       	White=1     	---} 0-1

[Event "NY Presidents Day GM-A 2024"]
[Site "New York"]
[Date "2024.02.16"]
[Round "2.1"]
[White "Lu, Maximillian"]
[Black "Rorrer, Grayson"]
[Result "1-0"]
[ECO "A11"]
[WhiteElo "2371"]
[BlackElo "2396"]
[Annotator "TA"]
[PlyCount "51"]
[EventDate "2024.02.14"]
[EventType "tourn"]
[EventCountry "USA"]
[SourceTitle "playchess.com"]
[Source "ChessBase"]
[SourceQuality "1"]
[TimeControl "5400+30"]

1. Nf3 Nf6 2. g3 d5 3. Bg2 c6 4. c4 dxc4 5. O-O Nbd7 6. Na3 Nb6 7. Qc2 Be6 8. Ne5 h5 9. Naxc4 Nxc4 {[%emt 0:00:09] The position is equal.} 10. Nxc4 h4 11. Ne5 hxg3 12. hxg3 Qd6 {[%emt 0:01:05] [#]} (12... Qd4 $11 13. Nxc6 Qd6) 13. d4 $1 $14 {[%emt 0:06:40] And now Bf4 would win.} Rd8 (13... Rc8 14. Rd1) 14. Rd1 Bh3 (14... Qc7 $16) 15. Bf3 ({White should play} 15. Qb3 $18 Qe6 16. Bxh3 (16. Qxb7 Bxg2 17. Kxg2 Qh3+ 18. Kf3 Qf5+ 19. Kg2 Qh3+ 20. Kf3 Qf5+ 21. Kg2 Qh3+ $11) 16... Rxh3 17. Qxb7) 15... Qe6 $16 16. Bf4 (16. Bg5 $16) 16... Nd5 ({Better is} 16... g6 $1 $14) 17. Bd2 (17. Bg5 $142) 17... g6 18. Ba5 {[%emt 0:07:58] White is more active.} Rb8 {[%emt 0:20:56] [#]} (18... Rc8 $16) 19. Qb3 $1 $18 {[%emt 0:06:46][%cal Oe5c6] aiming for Nxc6!} Rc8 (19... Bg7 20. Nxc6 Qxc6 21. Bxd5 $18 (21. Qxd5 Qxd5 22. Bxd5 Rh5 $11)) 20. Qxb7 Bg7 {[%emt 0:00:05] [#]} 21. Nxc6 $1 Rxc6 {[%emt 0:01:53] [#]} 22. Qa8+ (22. Qb5 $1 $18 Qc8 (22... Rh5 $2 23. Rac1 $18) 23. Bxd5 (23. Qxd5 Rc4 $18)) 22... Kd7 $2 (22... Qc8 $16 {might work better.} 23. Qxc8+ (23. Qxa7 $2 {loses.} Ra6 $19) 23... Rxc8) 23. Qxa7+ Ke8 24. Qa8+ ({Not} 24. Bxd5 $2 Qxd5 25. f3 Bc8 $19) 24... Kd7 $2 (24... Qc8 25. Qxc8+ Rxc8 26. Bxd5 Rh5) 25. Qb7+ Kd6 26. e4 {[%emt 0:01:19] Weighted Error Value: White=0.38/Black=0.90.  Loses game:     	---       	Black=1      Mistake:       	White=4     	Black=5      Inaccurate:     	White=1     	Black=2      OK:         	White=6     	Black=3      Best:        	White=1     	Black=2      Brilliant:      	White=1     	---} 1-0

[Event "NY Presidents Day GM-A 2024"]
[Site "New York"]
[Date "2024.02.16"]
[Round "2.2"]
[White "Kaliksteyn, Alexander"]
[Black "Yu, Jiangwei"]
[Result "1/2-1/2"]
[ECO "A11"]
[WhiteElo "2363"]
[BlackElo "2357"]
[Annotator "RC"]
[PlyCount "30"]
[EventDate "2024.02.14"]
[EventType "tourn"]
[EventCountry "USA"]
[SourceTitle "playchess.com"]
[Source "ChessBase"]
[SourceQuality "1"]
[TimeControl "5400+30"]

1. c4 c6 2. Nf3 d5 3. e3 Nf6 4. Nc3 a6 5. b3 Bf5 6. Be2 Nbd7 7. Nh4 Bg6 8. O-O e5 9. cxd5 cxd5 10. Re1 Bd6 11. Bb2 O-O 12. Nxg6 hxg6 13. Bf1 Rc8 14. Rc1 Re8 15. Nb1 Rxc1 1/2-1/2

[Event "NY Presidents Day GM-A 2024"]
[Site "New York"]
[Date "2024.02.16"]
[Round "2.3"]
[White "Mandizha, Farai"]
[Black "Novik, Maxim"]
[Result "1/2-1/2"]
[ECO "D85"]
[WhiteElo "2367"]
[BlackElo "2399"]
[Annotator "TA"]
[PlyCount "45"]
[EventDate "2024.02.14"]
[EventType "tourn"]
[EventCountry "USA"]
[SourceTitle "playchess.com"]
[Source "ChessBase"]
[SourceQuality "1"]
[TimeControl "5400+30"]

1. d4 Nf6 2. Nf3 g6 3. c4 Bg7 4. Nc3 d5 5. cxd5 Nxd5 6. e4 Nxc3 7. bxc3 c5 8. Rb1 O-O 9. Be2 Nc6 10. d5 Ne5 11. Nxe5 Bxe5 12. Qd2 e6 13. f4 Bg7 14. c4 b6 15. O-O (15. Bb2 $14) 15... exd5 16. cxd5 Bd4+ 17. Kh1 f5 {[%emt 0:01:36] The position is equal.} 18. e5 Qxd5 19. Bf3 Qc4 {[%emt 0:00:16][%cal Rc4f1] [#]} 20. Bb2 $36 {[%emt 0:00:02][%mdl 2048] White fights for an advantage.} Rb8 {[%emt 0:05:03] White must now prevent ...Rd8.} 21. Bxd4 Qxd4 22. Qxd4 Ra8 $2 {[%emt 1:15:29][%mdl 8192] [#]} (22... cxd4 $11 23. Bd5+ Kg7) 23. Qd2 {[%emt 1:07:20][%mdl 32768] Weighted Error Value: White=0.08 (flawless) /Black=0.79.  Loses game:     	---       	Black=1      Mistake:       	White=1     	---        OK:         	White=2     	Black=4      Best:        	White=3     	Black=1     . An unexpected result.} (23. Qd5+ $142 Kg7 24. Qxa8 h5 25. Qxa7+ Kh8 26. Rxb6 (26. Qxb6 Kh7 27. Qc7+ Kh6 28. Rb8 h4 29. Rxc8 Rxc8 30. Qxc8 Kg7 31. Rb1 h3 32. Rb7+ Kh6 33. Qh8#) 26... Rg8 27. Rd1 Rg7 28. Rd8+ Kh7 29. Qxg7+ Kxg7 30. Rxc8 Kh6 31. Rb7 h4 32. Rh8#) 1/2-1/2

[Event "NY Presidents Day GM-A 2024"]
[Site "New York"]
[Date "2024.02.16"]
[Round "2.4"]
[White "Lenderman, Aleksandr"]
[Black "Griffith, Kyron"]
[Result "1/2-1/2"]
[ECO "D36"]
[WhiteElo "2521"]
[BlackElo "2367"]
[Annotator "TA"]
[PlyCount "44"]
[EventDate "2024.02.14"]
[EventType "tourn"]
[EventCountry "USA"]
[SourceTitle "playchess.com"]
[Source "ChessBase"]
[SourceQuality "1"]
[TimeControl "5400+30"]

1. d4 Nf6 2. c4 e6 3. Nf3 d5 4. cxd5 exd5 5. Qc2 c6 6. Nc3 g6 7. Bg5 Be7 8. e3 Bf5 9. Bd3 Bxd3 10. Qxd3 Nbd7 11. O-O O-O 12. Rab1 {[%emt 0:00:12] The position is equal.} Re8 13. Qc2 Nh5 14. Bxe7 Qxe7 15. b4 Nhf6 16. Rfc1 Rac8 17. Qb3 a6 18. a4 Qd6 19. Qa2 Ra8 20. Qc2 Rac8 21. Qa2 Ra8 22. Qc2 Rac8 {[%emt 0:00:05] A rather calm draw.   Weighted Error Value: White=0.06 (flawless) /Black=0.04 (flawless) .  OK:         	White=2     	Black=3} 1/2-1/2

[Event "NY Presidents Day GM-A 2024"]
[Site "New York"]
[Date "2024.02.16"]
[Round "2.5"]
[White "Eidelman, Gabriel"]
[Black "Paragua, Mark"]
[Result "1/2-1/2"]
[ECO "D35"]
[WhiteElo "2343"]
[BlackElo "2448"]
[Annotator "TA"]
[PlyCount "61"]
[EventDate "2024.02.14"]
[EventType "tourn"]
[EventCountry "USA"]
[SourceTitle "playchess.com"]
[Source "ChessBase"]
[SourceQuality "1"]
[TimeControl "5400+30"]

1. d4 d5 2. c4 e6 3. Nc3 Nf6 4. cxd5 exd5 5. Bg5 c6 6. e3 Bd6 7. Bd3 O-O 8. Nf3 Be6 9. O-O Nbd7 10. Rc1 Re8 11. Na4 Qa5 12. a3 Ne4 13. Nc5 Bxc5 14. dxc5 Bg4 {[%emt 0:00:10] [#] White must now prevent ...Nxg5.} ({Don't play} 14... Ndxc5 $6 15. b4 Qxa3 16. bxc5 $18) 15. Bf4 Qd8 ({Not} 15... Ndxc5 16. b4 Bxf3 17. gxf3 Qxa3 18. bxc5 Nxc5 19. Bxh7+ Kxh7 20. Qc2+ (20. Bd6 b6 $15) 20... Kh8 (20... Nd3 $2 21. Ra1 $18) 21. Qxc5 Qxc5 22. Rxc5 $18) 16. b4 a5 17. Be2 axb4 18. axb4 Ra2 19. Rc2 Qa8 20. Nd4 Bxe2 21. Qxe2 Ra1 22. f3 Nef6 23. g4 Rxf1+ (23... Ne5 $11) 24. Kxf1 $14 {[%emt 0:01:09] Threatens to win with Ra2.} Qa1+ 25. Kg2 Ne5 26. Ra2 Qc3 27. Qd2 Qxd2+ 28. Rxd2 Nc4 (28... h5 $16) 29. Rd3 $2 {[%emt 0:02:02] [#]} ({White must play} 29. Ra2 $18) 29... Nd7 30. Rc3 Nf8 31. b5 {[%emt 0:03:48] Weighted Error Value: White=0.22 (precise) /Black=0.17 (very precise) .  Missed win:     	White=1     	---        Mistake:       	---       	Black=2      Inaccurate:     	White=2     	Black=3      OK:         	White=7     	Black=6} 1/2-1/2

[Event "NY Presidents Day GM-A 2024"]
[Site "New York"]
[Date "2024.02.17"]
[Round "3.1"]
[White "Paragua, Mark"]
[Black "Lu, Maximillian"]
[Result "1/2-1/2"]
[ECO "D85"]
[WhiteElo "2448"]
[BlackElo "2371"]
[Annotator "TA"]
[PlyCount "30"]
[EventDate "2024.02.14"]
[EventType "tourn"]
[EventCountry "USA"]
[SourceTitle "playchess.com"]
[Source "ChessBase"]
[SourceQuality "1"]
[TimeControl "5400+30"]

1. d4 Nf6 2. c4 g6 3. Nf3 Bg7 4. Nc3 d5 5. cxd5 Nxd5 6. e4 Nxc3 7. bxc3 c5 8. Be3 Qa5 9. Nd2 (9. Qd2 {simplifies} Nc6 10. Rb1 cxd4 11. cxd4 O-O 12. Qxa5 Nxa5 13. Bd3) 9... O-O 10. Nb3 Qxc3+ {[%emt 0:05:03] The position is equal.} 11. Bd2 Qb2 12. Bc1 $1 Qc3+ 13. Bd2 Qb2 14. Bc1 $1 Qc3+ 15. Bd2 Qb2 {[%emt 0:00:04] A rather calm draw.   Weighted Error Value: White=0.05 (flawless) /Black=0.05 (flawless) .  Inaccurate:     	White=1     	---        OK:         	---       	Black=5      Best:        	White=3     	Black=1      Strong:       	White=2     	---} 1/2-1/2

[Event "NY Presidents Day GM-A 2024"]
[Site "New York"]
[Date "2024.02.17"]
[Round "3.2"]
[White "Griffith, Kyron"]
[Black "Eidelman, Gabriel"]
[Result "0-1"]
[ECO "D02"]
[WhiteElo "2367"]
[BlackElo "2343"]
[Annotator "RC"]
[PlyCount "148"]
[EventDate "2024.02.14"]
[EventType "tourn"]
[EventCountry "USA"]
[SourceTitle "playchess.com"]
[Source "ChessBase"]
[SourceQuality "1"]
[TimeControl "5400+30"]

1. Nf3 d5 2. g3 Nc6 3. d4 Bf5 4. Bg2 e6 5. O-O Nb4 6. Na3 Be7 7. c3 Nc6 8. Nc2 Nf6 9. Nce1 h6 10. Nd3 O-O 11. a4 a5 12. Re1 Bd6 13. b3 Be4 14. Ba3 Qe7 15. Qc1 Nd7 16. Bh3 Qf6 17. Nd2 Bxd3 18. exd3 Qg6 19. Qc2 Bxa3 20. Rxa3 Ne7 21. Nf3 Rfc8 22. Qe2 c5 23. dxc5 Rxc5 24. c4 Qf6 25. Raa1 Ra6 26. d4 Rc7 27. Bg2 Rb6 28. Qd3 Qg6 29. Qxg6 Nxg6 30. cxd5 exd5 31. Ne5 Ne7 32. Nd3 Nf6 33. Rab1 Kf8 34. Nf4 Rb4 35. Ne2 Nf5 36. Red1 g5 37. Rd3 Ne4 38. Bxe4 dxe4 39. Rd2 Ke7 40. Kg2 Kd6 41. h4 Kd5 42. hxg5 hxg5 43. Kh3 e3 44. fxe3 Nxe3 45. g4 Rc2 46. Rxc2 Nxc2 47. Rb2 Nxd4 48. Nc1 Ke4 49. Kg3 b5 50. Na2 bxa4 51. Nc3+ Ke5 52. Nxa4 Rxb3+ 53. Rxb3 Nxb3 54. Kf3 Kd4 55. Ke2 Nc5 56. Nb6 a4 57. Kd2 a3 58. Kc2 Ke4 59. Nc4 a2 60. Kb2 Kf4 61. Kxa2 f6 62. Kb2 Kxg4 63. Kc3 Ne6 64. Kd2 f5 65. Ne3+ Kf4 66. Ke2 g4 67. Nd5+ Kg3 68. Ne3 f4 69. Nf5+ Kh3 70. Kf1 Ng5 71. Kg1 g3 72. Nd4 f3 73. Nf5 f2+ 74. Kf1 Ne4 0-1

[Event "NY Presidents Day GM-A 2024"]
[Site "New York"]
[Date "2024.02.17"]
[Round "3.3"]
[White "Novik, Maxim"]
[Black "Lenderman, Aleksandr"]
[Result "1/2-1/2"]
[ECO "B22"]
[WhiteElo "2399"]
[BlackElo "2521"]
[Annotator "TA"]
[PlyCount "35"]
[EventDate "2024.02.14"]
[EventType "tourn"]
[EventCountry "USA"]
[SourceTitle "playchess.com"]
[Source "ChessBase"]
[SourceQuality "1"]
[TimeControl "5400+30"]

1. e4 c5 2. c3 d5 3. exd5 Qxd5 4. d4 Nf6 5. Nf3 e6 6. Be2 Nc6 7. O-O Be7 8. c4 Qd8 9. dxc5 Qxd1 10. Rxd1 Bxc5 11. Nc3 O-O 12. Bf4 b6 13. a3 Bb7 14. b4 {[%emt 0:01:04] White has an edge.} Be7 15. Bd6 Bxd6 {[%emt 0:02:03] The position is equal.} 16. Rxd6 Rfd8 17. Rxd8+ Rxd8 18. Rd1 {[%emt 1:27:13] A rather calm draw.   Weighted Error Value: White=0.12 (very precise) /Black=0.00 (flawless) .  OK:         	White=2     	Black=4      Best:        	---       	Black=1} 1/2-1/2

[Event "NY Presidents Day GM-A 2024"]
[Site "New York"]
[Date "2024.02.17"]
[Round "3.4"]
[White "Yu, Jiangwei"]
[Black "Mandizha, Farai"]
[Result "1/2-1/2"]
[ECO "D84"]
[WhiteElo "2357"]
[BlackElo "2367"]
[Annotator "TA"]
[PlyCount "126"]
[EventDate "2024.02.14"]
[EventType "tourn"]
[EventCountry "USA"]
[SourceTitle "playchess.com"]
[Source "ChessBase"]
[SourceQuality "1"]
[TimeControl "5400+30"]

1. d4 Nf6 2. c4 g6 3. Nc3 d5 4. Bf4 Bg7 5. e3 O-O 6. cxd5 Nxd5 7. Nxd5 Qxd5 8. Bxc7 Nc6 9. Ne2 Bg4 10. h3 {[%emt 0:00:13] D84: Grünfeld: 4 Bf4 Bg7 5 e3 0-0 6 cxd5.} Bxe2 11. Bxe2 Qxg2 12. Bf3 Qg5 13. Qb3 Qf6 $146 (13... Qf5 $11 {keeps the balance.} 14. Bg2 Rac8 15. Qxb7 Qd7 16. Qxc6 (16. Bxc6 Rxc7 17. Bxd7 Rxb7 $11) 16... Qxc6 17. Bxc6) ({Predecessor:} 13... Qf5 14. Bg2 Rac8 15. Qxb7 Qd7 16. Bxc6 Qxc7 17. Qxc7 Rxc7 18. Ba4 Rb8 19. Bb3 e5 {½-½ Bai,J (2593)-Xu,X (2564) Hangzhou GM 2022 (4)}) 14. Bg2 $16 Rac8 (14... Nd8 $142) 15. Qxb7 $16 Nxd4 16. exd4 Rxc7 $2 (16... Qe6+ $16 {was worth a try.} 17. Be5 Bxe5 18. dxe5 Qxe5+ 19. Qe4 Qxb2) 17. Qxc7 $18 Qe6+ 18. Kf1 Bxd4 19. Qc6 Qf5 20. Bf3 Rb8 21. Qd5 Qf6 22. Rd1 e5 23. Rxd4 exd4 24. Kg2 Rd8 (24... Rxb2 $142 25. Re1 Kg7) 25. Qa5 $18 d3 26. Rd1 ({And not} 26. Qxa7 Qg5+ 27. Bg4 h5 $14) 26... Rd4 27. Qd2 h5 28. Qe3 Qd6 29. Rd2 a5 30. Be4 Qe5 31. Bxd3 Qd5+ 32. Kg1 Qd6 33. Qf3 Kg7 34. Rd1 Rd5 35. Be2 Rg5+ 36. Kh1 Qe7 37. Bf1 Rf5 38. Qc3+ Kh7 39. Re1 Qd7 40. Qe3 Qb7+ 41. Bg2 Qxb2 42. Re2 Qa1+ 43. Kh2 Qf6 44. Rd2 Qh4 45. Qd4 (45. Kg1 $142) 45... Qxd4 $18 46. Rxd4 Rxf2 47. Ra4 Rf5 48. Kg3 Rc5 49. Rf4 Kg7 50. a4 g5 51. Rd4 f5 52. h4 Rc3+ (52... Kf6 $142) 53. Kf2 $16 Rc2+ ({Black should try} 53... g4 $1 $14) 54. Kg1 $18 g4 55. Rd5 Kf6 56. Bf1 (56. Rxa5 $18 {is more deadly. Bf1 would now be deadly.} Rc1+ 57. Kh2) 56... Rc1 $16 57. Kf2 Rc2+ 58. Kg1 Rc1 $1 59. Rxa5 Ra1 60. Kf2 Ra2+ 61. Kg1 Ra1 $1 62. Kf2 Ra2+ $1 63. Kg1 Ra1 $1 1/2-1/2